 Dungeon Crawl Stone Soup version 0.27-a0-808-g60bc5d92e6 (webtiles) character file.

Game seed: 17283794110787470549

186 funkygono the Magician (level 5, 0/35 HPs)
             Began as a Djinni Fire Elementalist on Mar 28, 2021.
             Was a Follower of Cheibriados.
             Slain by a centaur skeleton (4 damage)
             ... on level 4 of the Dungeon.
             The game lasted 00:05:10 (3110 turns).

funkygono the Magician (Djinni Fire Elementalist)   Turns: 3110, Time: 00:05:11

Health: 0/35       AC:  3    Str: 10    XL:     5   Next: 65%
Gold:   120        EV: 12    Int: 20    God:    Cheibriados [*.....] SH:  0 Dex: 17

rFire    + + .     SeeInvis .   l - +0 falchion
rCold    x . .     Faith    .   (no shield)
rNeg     . . .     Spirit   .   a - +0 robe
rPois    ∞         Reflect  .   (no helmet)
rElec    .         Harm     .   k - +0 cloak
rCorr    .         Rampage  .   (no gloves)
Will     .....                  (boots unavailable)
Stlth    ++........             (no amulet)
HPRegen  0.11/turn              (no ring)
MPRegen  0.00/turn              (no ring)

@: flying, very slow
A: fire resistance 2, cold vulnerability 1, float, innate caster, hp casting,
extra vitality 1
a: Renounce Religion, Bend Time


You were on level 4 of the Dungeon.
You worshipped Cheibriados.
Cheibriados was aware of your devotion.
You visited 1 branch of the dungeon, and saw 4 of its levels.

You collected 120 gold pieces.

Inventory:

Hand Weapons
 b - a +0 dagger
 h - a +2 whip of pain
 l - a +0 falchion (weapon)
Armour
 a - a +0 robe (worn)
 i - a +0 leather armour
 j - a +0 ring mail
 k - a +0 cloak (worn)
Scrolls
 n - a scroll of brand weapon {unknown}
 o - a scroll of holy word
Potions
 c - a potion of attraction {unknown}
 d - a potion of ambrosia
 e - a potion of curing
 f - a potion of invisibility
 g - a potion of berserk rage {unknown}
 m - a potion of magic {unknown}


   Skills:
 + Level 0.1 Long Blades
 + Level 2.3 Dodging
 - Level 1.5 Stealth
 * Level 5.1 Spellcasting


You couldn't memorise any spells.
You knew the following spells:

 Your Spells              Type           Power      Damage    Failure   Level
a - Foxfire               Conj/Fire      100%       2x1d9     1%          1
b - Conjure Flame         Conj/Fire      25%        6-21      4%          3
c - Inner Flame           Hex/Fire       25%        N/A       4%          3
d - Sticky Flame          Conj/Fire      25%        2d5       14%         4
e - Fireball              Conj/Fire      12%        3d7       36%         5
f - Freeze                Ice            100%       1d11      1%          1
g - Poisonous Vapours     Pois/Air       50%        N/A       1%          2
Your spell library was empty.

Dungeon Overview and Level Annotations

Branches:
Dungeon (4/15)
 Temple: D:4-7

Altars:
Cheibriados
Fedhas
Hepliaklqana
Kikubaaqudgha
Nemelex Xobeh
Trog
Yredelemnul
The Shining One


Innate Abilities, Weirdness & Mutations

You are immune to poison.
Your flesh is very heat resistant. (rF++)
You are vulnerable to cold. (rC-)
You float through the air rather than walking.
You learn spells naturally, not from books.
Your magical power is your life essence.
You have superior vitality. (+4 HP)


Message History

* * * LOW HITPOINT WARNING * * *
The hound closely misses you.
You feel better. The hound barely misses you. The hound misses you.
You riposte.
You closely miss the hound.
The hound is almost dead.
Casting: Foxfire (safe; 1% risk of failure)
Confirm with . or Enter, or press ? or * to list all spells.
You conjure some foxfire!
The hound barely misses you.
You riposte.
You hit the hound.
You kill the hound!
Cheibriados appreciates the change of pace.
The foxfire hits the centaur skeleton.
The centaur skeleton is lightly damaged.
The foxfire hits the centaur skeleton.
The centaur skeleton is moderately damaged.
The centaur skeleton hits you. The centaur skeleton misses you.
Casting: Foxfire (safe; 1% risk of failure)
Confirm with . or Enter, or press ? or * to list all spells.
You conjure some foxfire!
The centaur skeleton hits you but does no damage.
The centaur skeleton kicks you.
The centaur skeleton closely misses you.
You riposte.
You hit the centaur skeleton.
The centaur skeleton is moderately damaged.
The centaur skeleton kicks you but does no damage.
The foxfire hits the centaur skeleton.
The centaur skeleton is heavily damaged.
The foxfire hits the centaur skeleton.
The centaur skeleton is severely damaged.
The dart slug launches a dart at you. The slug dart hits you.
* * * LOW HITPOINT WARNING * * *
Casting: Foxfire (safe; 1% risk of failure)
Confirm with . or Enter, or press ? or * to list all spells.
You conjure some foxfire!
* * * LOW HITPOINT WARNING * * *
The centaur skeleton hits you.
* * * LOW HITPOINT WARNING * * *
The centaur skeleton barely misses you. The centaur skeleton hits you.
You die...

♣.♣♣ ♣♣.♣
♣♣.♣ ..♣
♣.♣♣
♣♣♣♣♣♣♣.♣
♣♣.♣
♣♣...♣♣..♣
♣w♣♣
♣♣.♣♣.♣..♣
♣.♣
♣.♣♣♣♣.♣.♣♣♣
♣.♣♣♣♣.♣
♣♣♣.†.♣♣♣♣
♣.w.♣♣.♣
♣♣.♣.♣.♣♣
♣♣.Z@..♣♣
♣♣♣♣...♣
♣♣vv...♣
♣♣♣..
♣...♣.♣ ♣♣.
♣.♣♣♣.♣ ♣.
♣.♣ .. ♣♣
♣.♣ ♣.. ♣.♣
.. ♣.♣ ♣..
..♣


You could see a dart slug and a centaur skeleton (ally target).

Vanquished Creatures
  A centaur skeleton (D:2)
  2 hounds (D:4)
  A hound skeleton (D:4)
  An adder (D:4)
  3 dart slugs
  4 orcs (D:3)
  4 ball pythons
  4 bats
  2 endoplasms
  4 giant cockroaches
  3 goblins
  4 hobgoblins
  9 jackals
  3 quokkas
  A frilled lizard (D:3)
  7 kobolds
  6 rats
59 creatures vanquished.

Vanquished Creatures (others)
  165 foxfires
165 creatures vanquished.

Grand Total: 224 creatures vanquished

Notes
Turn   | Place    | Note
-------+----------+-------------------------------------------
     0 | D:1      | funkygono the Djinni Fire Elementalist began the quest for
                  | the Orb.
     0 | D:1      | Reached XP level 1. HP: 15/15 MP: 0/0
   236 | D:1      | Reached skill level 3 in Spellcasting
   285 | D:1      | Reached XP level 2. HP: 18/21 MP: 0/0
   349 | D:1      | Reached XP level 3. HP: 4/25 MP: 0/0
   349 | D:1      | Learned a level 1 spell: Freeze
  1309 | D:2      | Reached skill level 4 in Spellcasting
  1309 | D:2      | Reached XP level 4. HP: 6/31 MP: 0/0
  1561 | D:2      | Found a snail-covered altar of Cheibriados.
  1568 | D:2      | Became a worshipper of Cheibriados the Contemplative
  1783 | D:2      | Found a sparkling altar of Nemelex Xobeh.
  1783 | D:2      | Found a basalt altar of Yredelemnul.
  2334 | D:3      | Reached * piety under Cheibriados
  2526 | D:3      | Found a bloodstained altar of Trog.
  2527 | D:3      | Found a hazy altar of Hepliaklqana.
  2537 | D:3      | Found a glowing golden altar of the Shining One.
  2540 | D:3      | Found a blossoming altar of Fedhas.
  2927 | D:4      | Reached XP level 5. HP: 26/35 MP: 0/0
  2927 | D:4      | Learned a level 2 spell: Poisonous Vapours
  3045 | D:4      | Reached skill level 5 in Spellcasting
  3110 | D:4      | Slain by a centaur skeleton

Illustrated notes

Levels and vault maps discovered:
D:1:      lemuel_arrival_cross, layout_rooms
D:2:      layout_rooms, old_standard_altar, gammafunk_temple_overflow_pools,
          serial_curves, eino_curves_01, eino_curves_03
D:3:      layout_rooms, minmay_overflow_temple_star_hex
D:4:      kb_forest_paths, layout_loops_ring, due_unseen_surprise, uniq_robin

Skill      XL: |  1  2  3  4  5 |
---------------+----------------+-----
Spellcasting   | 3 4 5 |  5.1
Long Blades    | |  0.1
Dodging        | |  2.3
Stealth        | |  1.5

Action                   |  1- 3 |  4- 6 || total
-------------------------+-------+-------++-------
Melee: Whip              |     1 |     1 ||     2
       Falchion          |       |     8 ||     8
 Cast: Foxfire           |    56 |    39 ||    95
       Freeze            |     2 |       ||     2
       Poisonous Vapours |       |     3 ||     3
  Use: Scroll            |     2 |     3 ||     5
       Potion            |       |     1 ||     1
Armor: Robe              |     6 |     7 ||    13
Dodge: Dodged            |     4 |    34 ||    38
       Rpst.: Falchion   |       |    16 ||    16

Table legend: (Time is in decaauts)
 A = Elapsed time spent in this place.
 B = Non-inter-level travel time spent in this place.
 C = Inter-level travel time spent in this place.
 D = Time resting spent in this place.
 E = Time spent auto-exploring this place.
 F = Levels seen in this place.
 G = Mean time per level.
                   A        B        C        D        E       F      G
               +--------+--------+--------+--------+--------+-----+--------+
         Total |   3423 |   3302 |    121 |      0 |   2953 |   4 |  855.8 |
       Dungeon |   3423 |   3302 |    121 |      0 |   2953 |   4 |  855.8 |
               +--------+--------+--------+--------+--------+-----+--------+

Top non-repeatable levels by time:
     D:2: 1066 daAuts
     D:3: 1011 daAuts
     D:1: 957 daAuts
     D:4: 387 daAuts
